 Dungeon Crawl Stone Soup version 0.18-a0-888-gdb73dea (webtiles) character file.

153 timbw the Chopper (level 5, -4/27 HPs)
             Began as a Vine Stalker Fighter on Dec 23, 2015.
             Slain by Menkaure (15 damage)
             ... on level 6 of the Dungeon.
             The game lasted 00:03:21 (612 turns).

timbw the Chopper (Vine Stalker Fighter)             Turns: 612, Time: 00:03:22

Health: -4/27      AC: 11    Str: 23    XL:     5   Next: 35%
Magic:  0/6        EV:  5    Int:  8    God:
Gold:   94         SH:  9    Dex: 15    Spells: 0 memorised, 4 levels left

rFire  . . .     SeeInvis .     a - +1 war axe
rCold  . . .     Gourm    .     r - +0 chain mail
rNeg   . . .     Faith    .     c - +0 shield
rPois  .         Spirit   +     (no helmet)
rElec  .         Dismiss  .     g - +2 cloak
rCorr  .         Reflect  .     (no gloves)
SustAt .         Harm     .     (no boots)
MR     .....                    (no amulet)
Stlth  ..........               (no ring)
                                o - ring of wizardry

@: mighty, not resistant to hostile enchantments, extremely unstealthy
A: fangs 2, regeneration 1, magic shield, antimagic bite, no device heal 3, rot
immunity
a: no special abilities


You were on level 6 of the Dungeon.
You were not hungry.

You visited 1 branch of the dungeon, and saw 6 of its levels.

You collected 94 gold pieces.

Inventory:

Hand Weapons
 a - a +1 war axe (weapon)
Missiles
 m - a throwing net (quivered)
Armour
 b - a +0 scale mail
 c - a +0 shield (worn)
 g - a +2 cloak (worn)
 r - a +0 chain mail (worn)
Jewellery
 o - a ring of wizardry (left hand)
Wands
 s - a wand of teleportation (4/9)
Scrolls
 e - a scroll of identify
 i - a scroll of random uselessness
 l - a scroll of remove curse {unknown}
 n - a scroll of teleportation {unknown}
 p - a scroll of enchant weapon
 q - a scroll of recharging {unknown}
Potions
 h - a potion of heal wounds {unknown}
 j - a potion of brilliance {unknown}
 k - a potion of curing {unknown}
Comestibles
 f - 3 bread rations


   Skills:
 - Level 2.6 Fighting
 + Level 4.9 Axes
 - Level 2.4 Armour
 - Level 2.6 Shields


You had 4 spell levels left.
You didn't know any spells.

Dungeon Overview and Level Annotations

Branches:
Dungeon (6/15)
 Temple: D:4-7

Altars:
Dithmenos
Nemelex Xobeh
Vehumet

Annotations:
D:6 Menkaure


Innate Abilities, Weirdness & Mutations

You have extremely sharp teeth.
Your natural rate of healing is unusually fast.
When hurt, damage is shared between your health and your magic reserves.
Your bite disrupts and absorbs the magic of your enemies.
Potions and wands cannot restore your health.
You are immune to rotting.


Message History

The sky beast flickers out of sight!
Evoke which item? (* to show all) (? for menu, Esc to quit)
Zapping:
s - a wand of teleportation (will waste charges)
Press: ? - help, Shift-Dir - straight line, f - you You feel strangely unstable.
Evoking this partially-identified wand wasted a few charges.
You block the giant cockroach's attack.
The giant cockroach bites you but does no damage.
Found a shadowy altar of Dithmenos.
Your surroundings suddenly seem different.
Menkaure, Prince of Dust comes into view.
Menkaure shouts!
Menkaure casts a spell at you. Pain shoots through your body!
Found a sparkling altar of Nemelex Xobeh.
Drink which item? (? for menu, Esc to quit)
You feel very mighty all of a sudden. Menkaure hits you!!
Ouch! That really hurt!
You die...

..# #..
####..###
#...⌠.⌠.#
#...._..#
#...⌠.⌠.##
#........###
#......@M..#
##########...#
... . .. .. ..
..######
#......#


You could see Menkaure.

Vanquished Creatures
  An ogre (D:4)
  A hound skeleton (D:4)
  2 adders (D:4)
  An ooze (D:5)
  7 orcs
  3 bats
  2 giant cockroaches
  A hobgoblin (D:3)
  2 kobolds
  2 quokkas
  2 giant newts
  5 goblins
  A rat (D:3)
30 creatures vanquished.

Notes
Turn   | Place    | Note
--------------------------------------------------------------
     0 | D:1      | timbw the Vine Stalker Fighter began the quest for the Orb.
     0 | D:1      | Reached XP level 1. HP: 11/11 MP: 2/2
    90 | D:1      | Reached XP level 2. HP: 16/16 MP: 3/3
   137 | D:3      | Reached skill level 3 in Axes
   145 | D:3      | Reached XP level 3. HP: 11/19 MP: 2/4
   276 | D:4      | Reached XP level 4. HP: 20/23 MP: 5/5
   292 | D:4      | Noticed an ogre
   312 | D:4      | Found a radiant altar of Vehumet.
   324 | D:5      | Entered Level 5 of the Dungeon
   446 | D:4      | Reached skill level 4 in Axes
   530 | D:4      | HP: 1/23 [ogre/giant club (7)]
   533 | D:4      | Killed an ogre
   533 | D:4      | Reached XP level 5. HP: 1/27 MP: 1/6
   552 | D:5      | Found a sparkling altar of Nemelex Xobeh.
   576 | D:5      | Noticed an ice beast
   584 | D:5      | Noticed an ogre
   600 | D:6      | Noticed a sky beast
   605 | D:6      | Noticed a sky beast
   609 | D:6      | Found a shadowy altar of Dithmenos.
   610 | D:6      | Found a sparkling altar of Nemelex Xobeh.
   610 | D:6      | Noticed Menkaure
   612 | D:6      | Slain by Menkaure

Vault maps used:
D:1:      saegor_arrival_miasma, hex_intersection, serial_park_tiny_1
D:4:      lemuel_crystal_altar, first_bread
D:5:      nemelex_lonely_heart_becter
D:6:      nemelex_xobeh_ov_fountains_minmay, temple_doors_e,
          minmay_misc_feat_pillars, grunt_dithmenos_smoke, uniq_menkaure,
          uniq_crazy_yiuf_cottage

Action                   |  1- 3 |  4- 6 || total
-------------------------+-------+-------++-------
Melee: War axe           |    60 |    15 ||    75
Throw: Throwing net      |       |     2 ||     2
Evoke: Wand              |       |     1 ||     1
  Use: Scroll            |     3 |       ||     3
       Potion            |       |     1 ||     1
